 Dungeon Crawl Stone Soup version 0.27.0-1-g7a089689b8 (webtiles) character file.

Game seed: 14265008472381773104

14 hawla the Sneak (level 2, 0/18 HPs)
             Began as a Deep Elf Delver on Aug 8, 2021.
             Was an Initiate of Kikubaaqudgha.
             Succumbed to an adder's poison
             ... on level 2 of the Dungeon.
             The game lasted 00:04:37 (1327 turns).

hawla the Sneak (Deep Elf Delver)                   Turns: 1327, Time: 00:04:38

Health: 0/18       AC:  2    Str:  9    XL:     2   Next: 31%
Magic:  4/4        EV: 27    Int: 14    God:    Kikubaaqudgha [......]
Gold:   50         SH:  0    Dex: 16    Spells: 1/1 levels left

rFire    . . .     SeeInvis .   a - +0 short sword
rCold    . . .     Faith    .   (no shield)
rNeg     . . .     Spirit   .   h - +0 robe
rPois    .         Reflect  .   (no helmet)
rElec    .         Harm     .   (no cloak)
rCorr    .         Rampage  .   (no gloves)
Will     .....                  (no boots)
Stlth    +++.......             b - amulet of the acrobat
HPRegen  0.06/turn              (no ring)
MPRegen  0.09/turn              (no ring)

@: lethally poisoned (0 -> -6), acrobatic, hasted, very quick
A: no striking features
a: Renounce Religion


You were on level 2 of the Dungeon.
You worshipped Kikubaaqudgha.
Kikubaaqudgha was noncommittal.
You visited 2 branches of the dungeon, and saw 5 of its levels.

You collected 50 gold pieces.

Inventory:

Hand Weapons
 a - a +0 short sword (weapon)
Armour
 h - a +0 robe (worn)
Jewellery
 b - an amulet of the acrobat (around neck)
Wands
 g - a wand of digging (3)


   Skills:
 + Level 2.5 Fighting
 + Level 2.1 Short Blades
 + Level 2.4 Dodging
 + Level 6.5 Stealth


You had one spell level left.
You didn't know any spells.
Your spell library contained the following spells:

 Spells                   Type           Power      Damage    Failure   Level
 Beastly Appendage        Tmut           0%         N/A       28%         1
 Wereblood                Tmut           0%         N/A       41%         2
 Spider Form              Tmut/Pois      0%         N/A       65%         3
 Leda's Liquefaction      Hex/Erth       0%         N/A       96%         4
 Bolt of Magma            Conj/Fire/Erth 0%         4d4       100%        5
 Statue Form              Tmut/Erth      0%         N/A       100%        6


Dungeon Overview and Level Annotations

Branches:
Dungeon (5/15)             Temple (1/1) D:5

Altars:
Ashenzari
Cheibriados
Fedhas
Kikubaaqudgha
Nemelex Xobeh
Ru
Sif Muna
Uskayaw
Wu Jian
Yredelemnul
Zin
The Shining One

Portals:
Sewer: D:4


Message History

The jackal closely misses you. The adder barely misses you.
You miss the adder.
The adder is moderately wounded.
The adder barely misses you.
You hit the adder.
The adder is almost dead.
You hit the adder but do no damage.
The adder is almost dead.
The adder misses you. The jackal bites you. x2
You miss the adder.
The adder is almost dead.
The jackal completely misses you. The adder completely misses you.
The jackal bites you.
You completely miss the adder.
The adder is almost dead.
The jackal barely misses you. The adder bites you.
* * * LOW HITPOINT WARNING * * *
You are lethally poisoned!
The adder poisons you! The jackal closely misses you.
It was a potion of heal wounds.
You feel much better.
You feel sick. The jackal bites you. The adder bites you.
You are lethally poisoned!
The adder poisons you!
It was a potion of magic.
Magic courses through your body.
You feel sick. The jackal barely misses you. The jackal misses you.
The adder bites you.
As you read the scroll of fog, it crumbles to dust.
The scroll dissolves into smoke.
* * * LOW HITPOINT WARNING * * *
You feel sick. The jackal bites you.
* * * LOW HITPOINT WARNING * * *
Okay, then.
* * * LOW HITPOINT WARNING * * *
You feel sick. The adder bites you but does no damage.
The jackal closely misses you.
* * * LOW HITPOINT WARNING * * *
You feel sick. The adder completely misses you.
* * * LOW HITPOINT WARNING * * *
You feel sick.
You die...
Kikubaaqudgha rasps: "You have failed me!
Welcome... death!"

##.....##.....##.#.# #.
##.................. #.
#.....§§§§........#####.
#.....§§§§.§.....##.....
#....§§§§§§.........####
#...§§§hh§§............)
#...§§§hS........#######
#...§§§..........# ##
##.....@.........######.
##.....##.....#.##....†
##########.##.....####
#.....#### ###...###
##.......###
#..........#
#..........###
#............#


You could see an adder and 3 jackals.

Vanquished Creatures
  A dart slug (D:2)
  2 goblins
  2 hobgoblins
  A jackal (D:2)
  A ball python (D:2)
  A bat (D:3)
  A frilled lizard (D:3)
  2 kobolds
  3 rats
14 creatures vanquished.

Notes
Turn   | Place    | Note
-------+----------+-------------------------------------------
     0 | D:5      | hawla the Deep Elf Delver began the quest for the Orb.
     0 | D:5      | Reached XP level 1. HP: 13/13 MP: 3/3
     6 | D:5      | Noticed a necrophage
    11 | Temple   | Entered the Ecumenical Temple
   217 | Temple   | Became a worshipper of Kikubaaqudgha
   359 | D:4      | Noticed a howler monkey
   591 | D:4      | Noticed a necrophage
   643 | D:4      | Found a glowing drain.
  1094 | D:3      | Reached XP level 2. HP: 18/18 MP: 4/4
  1327 | D:2      | Succumbed to an adder's poison

Illustrated notes

Levels and vault maps discovered:
D:2:      layout_rooms, basic_altar, kennysheep_cross_bottleneck, uniq_sigmund
D:3:      layout_loops_corners, grunt_qazlal_clouds
D:4:      layout_cave_pods, portal_sewer_entry_f
D:5:      layout_cave_pods, kennysheep_mini_moat, lemuel_coloured_pillars_altar,
          minmay_temple_entry_drinking_statues, serial_gnoll_camp,
          gnoll_camp_mini_doghouse, gnoll_camp_mini_loothouse,
          gnoll_camp_mini_hut, gnoll_camp_mini_house, feat_on_display
Temple:   minmay_temple_bridge_abc

Action                   || total
-------------------------++-------
Melee: Short sword       ||    53
  Use: Scroll            ||     4
       Potion            ||     4
 Stab: Sleeping          ||     4
Armor: Robe              ||     9
Dodge: Dodged            ||    45
